 Dungeon Crawl Stone Soup version 0.31-a0-198-g2ad674f65e (webtiles) character file.

Game seed: 3566344520001024287

39 qw the Shooter (level 3, -1/20 HPs)
             Began as a Deep Elf Hunter on June 25, 2023.
             Succumbed to their own poison gas
             ... on level 2 of the Dungeon.
             The game lasted 00:00:18 (721 turns).

qw the Shooter (Deep Elf Hunter)                     Turns: 721, Time: 00:00:19

Health: -1/20      AC:  3    Str:  9 (10) XL:     3   Next: 26%
Magic:  5/5        EV: 12    Int: 13      God:
Gold:   38         SH:  0    Dex: 16 (18) Spells: 2/2 levels left

rFire   + . .        Y - +0 shortbow
rCold   + . .        (shield currently unavailable)
rNeg    . . .        f - +1 robe {rC+ rF+}
rPois   .            (no helmet)
rElec   .            (no cloak)
rCorr   .            (no gloves)
SInv    .            (no boots)
Will    .....        (no amulet)
Stlth   ++           (no ring)
HPRegen 0.23/turn    (no ring)
MPRegen 0.09/turn

%: no passive effects
@: lethally poisoned (-1 -> -7)
A: no striking features
a: no special abilities


You were on level 2 of the Dungeon.
You visited 1 branch of the dungeon, and saw 2 of its levels.

You collected 38 gold pieces.


   Skills:
 - Level 1.5 Fighting
 + Level 6.8 Ranged Weapons
 - Level 2.4 Dodging
 - Level 1.2 Stealth


You had 2 spell levels left.
You didn't know any spells.
Your spell library was empty.

Inventory:

Hand Weapons
 Y - a +0 shortbow (weapon)
Armour
 f - a +1 robe of resistance (worn)
 i - a +0 ring mail
Jewellery
 d - a ring of fire
Potions
 e - a potion of might {unknown}
 h - a potion of heal wounds {unknown}

Dungeon Overview and Level Annotations

Branches:
Dungeon (2/15)

Altars:


Message History

You shoot an arrow. The arrow hits the frilled lizard!
You kill the frilled lizard!
You enter the shallow water.
Moving in this stuff is going to be slow.
A goblin comes into view. It is wielding a +0 dagger.
The goblin shouts!
Enter note:
Enter note:
714 ||| DROPPING +0 leather armour.
You drop a +0 leather armour.
You hear a splash.
715 ||| READING scroll labelled XUHULA COANNAH.
As you read the scroll labelled XUHULA COANNAH, it crumbles to dust.
It is a scroll of amnesia.
You feel forgetful for a moment.
716 ||| READING scroll labelled LYANKUXZOA.
The air fills with toxic fumes!
As you read the scroll labelled LYANKUXZOA, it crumbles to dust.
It was a scroll of poison.
The goblin splashes around in the water.
Enter note: Really walk into that cloud of poison gas?
You are engulfed in poison gas.
You are lethally poisoned!
You feel extremely sick.
The goblin splashes around in the water. x2
Enter note:
Enter note:
Enter note:
Enter note:
Enter note:
Enter note:
718 ||| Stepping ~*~*~tactically~*~*~ (cloud).
You feel very sick.
The goblin splashes around in the water.
You see here a +0 leather armour.
719 ||| FLEEEEING.
You feel very sick.
The goblin splashes around in the water. x2
720 ||| FLEEEEING.
You feel sick.
721 ||| STILL FLEEEEING.
You die...

~~~~~~~~. .........
~~~~~~~~. .# ~P
~~~~~~~~7 #.# 7P~~~
P~~~P~~~7 #.# ~~~P~
7~~~~~~7###.#7~~~~~
7~P~~~~7....PPPP~P~
7P~~~gP[#...P.P~.~7
7777~P7##@.........
#~~7 #.......... .
##7#####7~~~...~.
.... #....~77~~~~~~
.... #......77~~~~~
~~.. #.......~7P~~P
#..
#.......%77777777##..
#.........7 77...#..
#.........# ....###


There were no monsters in sight!

Vanquished Creatures
  An adder (D:2)
  2 dart slugs (D:2)
  A worm (D:2)
  4 endoplasms
  3 hobgoblins
  2 ball pythons (D:1)
  A bat (D:1)
  4 frilled lizards
  A goblin (D:1)
  6 kobolds
  2 rats
27 creatures vanquished.

Notes
Turn   | Place    | Note
-------+----------+-------------------------------------------
     0 | D:1      | qw the Deep Elf Hunter began the quest for the Orb.
     0 | D:1      | Reached XP level 1. HP: 12/12 MP: 3/3
     0 | D:1      | 0 ||| qw: Version: 0.3-a-22-g0ed2b0b
     0 | D:1      | 0 ||| qw: Game counter: 4923
     0 | D:1      | 0 ||| qw: Melee chars always use a shield: true
     0 | D:1      | 0 ||| qw: God list: Okawaru
     0 | D:1      | 0 ||| qw: Allow faded altars: false
     0 | D:1      | 0 ||| qw: Do Orc after clearing Dungeon:15 true
     0 | D:1      | 0 ||| qw: Do second Lair branch before Depths: true
     0 | D:1      | 0 ||| qw: Lair rune preference: random
     0 | D:1      | 0 ||| qw: Goals: Normal
     0 | D:1      | 0 ||| PLANNING D:1-11
   104 | D:1      | Found a faded altar of an unknown god.
   285 | D:1      | Reached XP level 2. HP: 16/16 MP: 4/4
   298 | D:1      | Reached skill level 6 in Ranged Weapons
   526 | D:1      | 526 ||| UPGRADING to +1 robe of resistance.
   536 | D:1      | 536 ||| DRINKING 2 murky pink potions.
   537 | D:1      | 537 ||| DROPPING scroll of butterflies.
   538 | D:1      | 538 ||| DROPPING potion of degeneration.
   686 | D:2      | Reached XP level 3. HP: 20/20 MP: 5/5
   703 | D:2      | 703 ||| Stepping ~*~*~tactically~*~*~ (water).
   706 | D:2      | 706 ||| Stepping ~*~*~tactically~*~*~ (water).
   714 | D:2      | 714 ||| DROPPING +0 leather armour.
   715 | D:2      | 715 ||| READING scroll labelled XUHULA COANNAH.
   716 | D:2      | 716 ||| READING scroll labelled LYANKUXZOA.
   718 | D:2      | 718 ||| Stepping ~*~*~tactically~*~*~ (cloud).
   719 | D:2      | 719 ||| FLEEEEING.
   719 | D:2      | HP: 3/20 [poisoned by you (poison gas)]
   720 | D:2      | 720 ||| FLEEEEING.
   720 | D:2      | HP: 1/20 [poisoned by you (poison gas)]
   721 | D:2      | Succumbed to their own poison gas

Levels and vault maps discovered:
D:1:      amcnicky_arrival_feature_with_door, layout_basic,
          shapermc_ecumenical_altar_starsandcircs, st_stairs_12,
          minmay_door_square
D:2:      minmay_kobold_bridge, layout_basic, basic_altar, serial_bayou,
          serial_bayou_shore_a, serial_bayou_crossing, serial_bayou_ford_a,
          serial_bayou_lagoon_b, serial_bayou_pond_b, serial_bayou_pond_b

Skill      XL: |  1  2 |
---------------+-------+-----
Ranged Weapons | 6 |  6.8
Fighting       | |  1.5
Dodging        | |  2.4
Stealth        | |  1.2

Action                     || total
---------------------------++-------
   Fire: Shortbow          ||    52
    Use: Potion            ||     1
         Scroll            ||     2
 Armour: Leather armour    ||     1
  Dodge: Dodged            ||     3

Table legend:
 A = Non-vault XP
 B = Vault XP
 C = Vault XP percentage of total XP
 D = Non-vault monster count
 E = Vault monster count
 F = Vault count percentage of total count
                 A         B        C        D         E       F
            +---------+---------+-------+---------+---------+-------
      Total |      50 |       6 |  10.7 |      22 |       5 |  18.5
            +---------+---------+-------+---------+---------+-------
        D:1 |      16 |       1 |   5.9 |      12 |       1 |   7.7
        D:2 |      34 |       5 |  12.8 |      10 |       4 |  28.6
            +---------+---------+-------+---------+---------+-------
